 Dungeon Crawl Stone Soup version 0.27-a0-538-g15ff5c5295 (webtiles) character file.

Game seed: 15166096616720999387

69 Frqise the Chopper (level 4, 0/41 HPs)
             Began as a Minotaur Berserker on Mar 6, 2021.
             Was a Believer of Trog.
             Killed by nerve-wracking pain
             ... invoked by Grinder
              (8 damage)
             ... on level 3 of the Dungeon.
             The game lasted 00:02:53 (3152 turns).

Frqise the Chopper (Minotaur Berserker)             Turns: 3152, Time: 00:02:54

Health: 0/41       AC:  8    Str: 22    XL:     4   Next: 2%
Magic:  0/3        EV:  8    Int:  4    God:    Trog [**....]
Gold:   148        SH:  0    Dex: 10    Spells: 3/3 levels left

rFire    . . .     SeeInvis .   a - +0 hand axe
rCold    . . .     Faith    .   (no shield)
rNeg     . . .     Spirit   +   d - +0 chain mail
rPois    .         Reflect  .   (helmet restricted)
rElec    .         Harm     .   (no cloak)
rCorr    .         Rampage  .   (no gloves)
Will     .....                  (no boots)
Stlth    ..........             g - amulet of guardian spirit
HPRegen  0.13/turn              (no ring)
MPRegen  0.08/turn              (no ring)

@: no status effects
A: horns 2, retaliatory headbutt
a: Renounce Religion, Berserk, Trog's Hand


You were on level 3 of the Dungeon.
You worshipped Trog.
Trog was pleased with you.
You visited 1 branch of the dungeon, and saw 3 of its levels.

You collected 148 gold pieces.

Inventory:

Hand Weapons
 a - a +0 hand axe (weapon)
Armour
 d - a +0 chain mail (worn)
Jewellery
 g - an amulet of guardian spirit (around neck)
Scrolls
 b - a scroll of identify
 k - a scroll of teleportation
Potions
 c - a potion of heal wounds {unknown}
 e - 5 potions of curing
 f - a potion of ambrosia {unknown}
 h - a potion of lignification {unknown}
 i - 3 potions of mutation {unknown}
 j - a potion of berserk rage {unknown}


   Skills:
 + Level 4.5 Fighting
 + Level 4.7 Axes
 + Level 2.7 Armour
 + Level 2.8 Dodging
 + Level 0.1 Stealth


You had 3 spell levels left.
You didn't know any spells.
Your spell library was empty.

Dungeon Overview and Level Annotations

Branches:
Dungeon (3/15)

Altars:
Okawaru

Annotations:
D:3 Grinder


Innate Abilities, Weirdness & Mutations

You have a pair of horns on your head.
You reflexively headbutt those who attack you in melee.


Message History

Your chain mail prevents you from hitting Grinder.
Grinder hits you.
You writhe in agony.
You hit Grinder but do no damage. Your headbutt misses Grinder.
Grinder blinks!
Grinder gestures at you. You resist with significant effort.
Found 11 bolts.
Grinder is nearby!
Grinder gestures at you. Pain shoots through your body!
You hit Grinder but do no damage. You headbutt Grinder!
Grinder is lightly wounded.
Grinder gestures at you. Pain shoots through your body!
You slash Grinder!
Grinder is heavily wounded.
Grinder hits you but does no damage.
You hit Grinder.
Grinder is heavily wounded.
Grinder barely misses you. You furiously retaliate!
You headbutt Grinder. You completely miss Grinder.
Grinder is heavily wounded.
Grinder hits you.
You writhe in agony.
You closely miss Grinder.
Grinder is heavily wounded.
Grinder blinks!
Grinder gestures at you.
You suddenly lose the ability to move!
Grinder hits you.
You writhe in agony.
Grinder hits you.
You writhe in agony.
* * * LOW HITPOINT WARNING * * *
Grinder hits you but does no damage. x2
You can move again.
You closely miss Grinder.
Grinder is heavily wounded.
Grinder closely misses you. You furiously retaliate!
You headbutt Grinder. You barely miss Grinder.
Grinder is severely wounded.
Grinder gestures at you. Pain shoots through your body!
You die...

#########.#....
#.....#.### . #.###.#.#
.. #.###.#.# ...
#..##.#.# ...(
#..##.#.### #....
#..##......
#.....########..........
......5@.##......#......
#####.##.##.##..........
# #..#.#.......#...
##...........#...
#...<...........
#...>.......#.##
#.####......#.# ## ##
#######......#.#
##8###8###8###8#.##<#.#.#


You could see Grinder.

Vanquished Creatures
  An adder (D:2)
  An ooze (D:1)
  A dart slug (D:2)
  2 leopard geckos (D:1)
  An orc (D:3)
  2 giant cockroaches (D:1)
  10 hobgoblins
  7 jackals
  6 bats
  A frilled lizard (D:2)
  5 goblins
  3 kobolds (D:1)
  4 rats
44 creatures vanquished.

Notes
Turn   | Place    | Note
-------+----------+-------------------------------------------
     0 | D:1      | Frqise the Minotaur Berserker began the quest for the Orb.
     0 | D:1      | Reached XP level 1. HP: 19/19 MP: 0/0
   191 | D:1      | Reached XP level 2. HP: 25/27 MP: 1/1
   975 | D:1      | Reached XP level 3. HP: 33/33 MP: 2/2
  1657 | D:2      | Found an iron altar of Okawaru.
  1694 | D:2      | Reached ** piety under Trog
  3092 | D:3      | Reached XP level 4. HP: 41/41 MP: 3/3
  3131 | D:3      | Noticed Grinder
  3132 | D:3      | Paralysed by Grinder for 2 turns
  3144 | D:3      | Paralysed by Grinder for 7 turns
  3152 | D:3      | Killed from afar by Grinder

Illustrated notes

Levels and vault maps discovered:
D:1:      onia_arrival_mini_spirals, layout_loops_corners, st_stairs_7,
          chequers_serial_rivers_micro_c
D:2:      layout_loops_ring, okawaru_trees_2
D:3:      layout_rooms, grunt_temple_overflow_open, serial_corexii_hall,
          chequers_hall_statues_wall_a, corexii_hall_statues_t, uniq_grinder

Skill      XL: |  1  2 |
---------------+-------+-----
Fighting       | 4 |  4.5
Axes           | 4 |  4.7
Armour         | |  2.7
Dodging        | |  2.8
Stealth        | |  0.1

Action                   |  1- 3 |  4- 6 || total
-------------------------+-------+-------++-------
Melee: Hand axe          |    98 |    10 ||   108
       Headbutt          |    11 |     1 ||    12
Invok: Berserk           |     1 |       ||     1
  Use: Scroll            |     3 |       ||     3
Armor: Animal skin       |    27 |       ||    27
       Chain mail        |       |     3 ||     3
Dodge: Dodged            |    69 |     2 ||    71

Table legend: (Time is in decaauts)
 A = Elapsed time spent in this place.
 B = Non-inter-level travel time spent in this place.
 C = Inter-level travel time spent in this place.
 D = Time resting spent in this place.
 E = Time spent auto-exploring this place.
 F = Levels seen in this place.
 G = Mean time per level.
                   A        B        C        D        E       F      G
               +--------+--------+--------+--------+--------+-----+--------+
         Total |   3168 |   3133 |     35 |    912 |   1880 |   3 | 1056.0 |
       Dungeon |   3168 |   3133 |     35 |    912 |   1880 |   3 | 1056.0 |
               +--------+--------+--------+--------+--------+-----+--------+

Top non-repeatable levels by time:
     D:1: 1519 daAuts
     D:2: 1377 daAuts
     D:3: 272 daAuts
